 Dungeon Crawl Stone Soup version 0.31-a0-164-g2312942fda (webtiles) character file.

Game seed: 6096658620641876787

109 Anon1729 the Trooper (level 4, -17/41 HPs)
             Began as a Minotaur Monk on June 13, 2023.
             Killed from afar by Ijyb (19 damage)
             ... with a bolt of dispelling energy
             ... on level 3 of the Dungeon.
             The game lasted 00:01:08 (1616 turns).

Anon1729 the Trooper (Minotaur Monk)                Turns: 1616, Time: 00:01:09

Health: -17/41     AC:  5    Str: 16    XL:     4   Next: 59%
Magic:  4/4        EV: 13    Int:  7    God:
Gold:   127        SH:  0    Dex: 14    Spells: 3/3 levels left

rFire   . . .        a - +0 short sword
rCold   . . .        d - orb {light}
rNeg    . . .        b - +0 robe
rPois   .            (helmet restricted)
rElec   .            o - +0 cloak
rCorr   .            m - +0 pair of gloves
SInv    .            g - +0 pair of boots
Will    .....        (no amulet)
Stlth   +            (no ring)
HPRegen 0.26/turn    (no ring)
MPRegen 0.09/turn

%: no passive effects
@: glowing
A: horns 2, retaliatory headbutt
a: no special abilities


You were on level 3 of the Dungeon.
You visited 1 branch of the dungeon, and saw 3 of its levels.

You collected 127 gold pieces.

Inventory:

Hand Weapons
 a - a +0 short sword (weapon)
Armour
 b - a +0 robe (worn)
 d - an orb of light (worn)
 g - a +0 pair of boots (worn)
 m - a +0 pair of gloves (worn)
 o - a +0 cloak (worn)
Scrolls
 e - 2 scrolls of teleportation {unknown}
 f - a scroll of vulnerability {unknown}
 i - a scroll of amnesia {unknown}
 k - 2 scrolls of identify {unknown}
Potions
 c - 2 potions of ambrosia
 h - a potion of curing {unknown}
 j - 2 potions of degeneration {unknown}
 l - a potion of attraction {unknown}
 n - a potion of brilliance {unknown}


   Skills:
 + Level 4.3 Fighting
 + Level 4.0 Short Blades
 + Level 2.0 Armour
 + Level 4.0 Dodging
 + Level 1.6 Invocations


You had 3 spell levels left.
You didn't know any spells.
Your spell library was empty.

Dungeon Overview and Level Annotations

Branches:
Dungeon (3/15)

Altars:

Annotations:
D:3 Ijyb


Innate Abilities, Weirdness & Mutations

You have a pair of horns on your head.
You reflexively headbutt those who attack you in melee.


Message History

You kill the gnoll!
Your Short Blades skill increases to level 4!
Your Dodging skill increases to level 4!
Ijyb zaps a wand.
The bolt of dispelling energy hits you!!
* * * LOW HITPOINT WARNING * * *
You see here a +0 halberd.
You are too injured to fight recklessly!
You are too injured to fight recklessly!
You are too injured to fight recklessly!
You are too injured to fight recklessly!
You barely miss Ijyb. You hit Ijyb but do no damage. Your headbutt misses Ijyb.
Ijyb hits you with a +0 club.
* * * LOW HITPOINT WARNING * * *
You hit Ijyb.
Ijyb is lightly wounded.
Ijyb zaps a wand.
The bolt of dispelling energy hits you.
* * * LOW HITPOINT WARNING * * *
You hit Ijyb but do no damage.
Ijyb is lightly wounded.
Ijyb hits you with a +0 club.
* * * LOW HITPOINT WARNING * * *
You hit Ijyb.
Ijyb is moderately wounded.
Ijyb screams, "Level is mine!
All mine!"
Ijyb misses you.
You hit Ijyb.
Ijyb is moderately wounded.
You barely miss Ijyb. You headbutt Ijyb.
Ijyb is heavily wounded.
Ijyb closely misses you. You furiously retaliate!
You headbutt Ijyb. You hit Ijyb.
Ijyb is severely wounded.
Ijyb closely misses you.
You hit Ijyb. Your headbutt misses Ijyb.
Ijyb is severely wounded.
Ijyb zaps a wand.
The bolt of dispelling energy hits you!!
You die...

##.## # #...#.# #+#
#.#.#.# #.# #
...#.######.##
#.##............#
......
#.#.#...######.
#..###.#.....)......
#..)@g.#.#...#
##<###.......# #.#
###.##### #.#####.#
#.......# #########


You could see Ijyb.

Vanquished Creatures
  Crazy Yiuf (D:2)
  3 gnolls (D:3)
  2 adders (D:2)
  2 worms (D:2)
  A dart slug (D:1)
  3 ball pythons
  2 endoplasms (D:2)
  4 hobgoblins
  3 kobolds
  A quokka (D:3)
  2 bats
  2 frilled lizards
  3 goblins (D:1)
  3 rats
32 creatures vanquished.

Notes
Turn   | Place    | Note
-------+----------+-------------------------------------------
     0 | D:1      | Anon1729 the Minotaur Monk began the quest for the Orb.
     0 | D:1      | Reached XP level 1. HP: 19/19 MP: 0/0
   350 | D:1      | Reached XP level 2. HP: 27/27 MP: 1/1
   786 | D:2      | Reached skill level 1 in Armour
   789 | D:2      | Reached skill level 1 in Invocations
   789 | D:2      | Reached XP level 3. HP: 23/33 MP: 2/2
  1257 | D:2      | Found a runed translucent door.
  1258 | D:2      | Noticed Crazy Yiuf
  1376 | D:2      | Killed Crazy Yiuf
  1377 | D:2      | Reached XP level 4. HP: 35/40 MP: 2/4
  1459 | D:3      | Noticed Ijyb
  1610 | D:3      | HP: 2/41 [Ijyb/bolt of dispelling energy (6)]
  1616 | D:3      | Killed from afar by Ijyb

Illustrated notes

Levels and vault maps discovered:
D:1:      saegor_arrival_simple_a, layout_basic
D:2:      layout_rooms, minmay_cut_off, uniq_crazy_yiuf_cottage
D:3:      layout_loops_corners, doesnt_xom_only_xom, slow_altar_1, uniq_robin,
          uniq_ijyb

Skill      XL: |  1  2  3  4 |
---------------+-------------+-----
Armour         | 1 2 |  2.0
Fighting       | 4 |  4.3
Invocations    | 1 |  1.6
Short Blades   | 4 |  4.0
Dodging        | 4 |  4.0

Action                     |  1- 3 |  4- 6 || total
---------------------------+-------+-------++-------
  Melee: Short sword       |    76 |    28 ||   104
         Headbutt          |    16 |     5 ||    21
 Armour: Robe              |    10 |     2 ||    12
  Dodge: Dodged            |    47 |    25 ||    72

Table legend: (Time is in decaauts)
 A = Elapsed time spent in this place.
 B = Non-inter-level travel time spent in this place.
 C = Inter-level travel time spent in this place.
 D = Time resting spent in this place.
 E = Time spent auto-exploring this place.
 F = Levels seen in this place.
 G = Mean time per level.
                   A        B        C        D        E       F      G
               +--------+--------+--------+--------+--------+-----+--------+
         Total |   1597 |   1536 |     61 |    115 |   1188 |   3 |  532.3 |
       Dungeon |   1597 |   1536 |     61 |    115 |   1188 |   3 |  532.3 |
               +--------+--------+--------+--------+--------+-----+--------+

Top non-repeatable levels by time:
     D:2: 771 daAuts
     D:1: 771 daAuts
     D:3: 54 daAuts
